 Dungeon Crawl Stone Soup version bcrawl-1.33.1b (webtiles) character file.

Game seed: 1853105931816963309

133652 Etesian the Sneak (level 3, -5/21 HPs)
             Began as a Vine Stalker Archaeologist on Aug 26, 2021.
             Slain by a bullfrog skeleton (7 damage)
             ... on level 2 of the Dungeon.
             The game lasted 00:02:24 (1203 turns).

Etesian the Sneak (Vine Stalker Archaeologist)      Turns: 1203, Time: 00:02:24

Health: -5/21      AC:  3    Str: 14    XL:     3   Next: 89%
Magic:  4/4        EV: 13    Int: 14    God:
Gold:   154        SH:  0    Dex: 12    Spells: 2/2 levels left

rFire    . . .     SeeInvis .     - Fists (6.6)
rCold    . . .     Gourm    .   (no shield)
rNeg     . . .     Faith    .   (no armour)
rPois    .         Spirit   .   d - +1 hat
rElec    .         Reflect  .   (no cloak)
rCorr    .         Harm     .   (no gloves)
MR       .....                  c - +1 pair of boots
Stlth    +++.......             (no amulet)
HPRegen  0.47/turn              (no ring)
MPRegen  0.09/turn              (no ring)

@: no status effects
A: fangs 2, regeneration 1, no potion heal 3, rot immunity, strong jaws
a: no special abilities


You were on level 2 of the Dungeon.
You were hungry.

You visited 1 branch of the dungeon, and saw 2 of its levels.

You collected 154 gold pieces.

Inventory:

Hand Weapons
 b - a +0 blowgun
Missiles
 a - 108 bolts
 f - 6 curare-tipped needles
Armour
 c - a +1 pair of boots (worn)
 d - a +1 hat (worn)
Scrolls
 g - a scroll of magic mapping
 l - a scroll of remove curse {unknown}
 n - 2 scrolls of fear {unknown}
 p - a scroll of amnesia {unknown}
 q - a scroll of teleportation {unknown}
Potions
 j - 4 potions of mutation
 k - a potion of berserk rage
 m - a potion of cancellation
 r - a potion of haste
Miscellaneous
 h - a dusty tome
Comestibles
 e - 2 rations {!d}
 o - 2 chunks of flesh


   Skills:
 + Level 1.9 Fighting
   Level 0.8 Maces & Flails
 - Level 3.2 Dodging
 - Level 4.4 Stealth
 * Level 2.7 Unarmed Combat


You had 2 spell levels left.
You didn't know any spells.
Your spell library was empty.

Dungeon Overview and Level Annotations

Branches:
Dungeon (2/12)

Altars:
Dithmenos


Innate Abilities, Weirdness & Mutations

You have extremely sharp teeth.
Your natural rate of healing is unusually fast.
Potions cannot restore your health.
You are immune to rotting.
Your bites deal extra damage.


Message History

You are too injured to fight recklessly!
You hit the bullfrog skeleton.
The bullfrog skeleton is heavily damaged.
The bullfrog skeleton hits you but does no damage.
You are feeling hungry.
You hit the bullfrog skeleton. You bite the bullfrog skeleton.
The bullfrog skeleton is heavily damaged.
The bullfrog skeleton hits you but does no damage.
You hit the bullfrog skeleton.
The bullfrog skeleton is severely damaged.
The bullfrog skeleton hits you.
You hit the bullfrog skeleton.
The bullfrog skeleton is severely damaged.
The bullfrog skeleton hits you.
* * * LOW HITPOINT WARNING * * *
The bullfrog skeleton barely misses you.
You hit the bullfrog skeleton.
The bullfrog skeleton is severely damaged.
The bullfrog skeleton hits you!
You die...

........... ######..... #.....
###### #..... .)...# #.....
..##.# #..... .^.#.# ############
#..... ##.#.#
#....!.....#####..... ...#<#
#..Z@...........##### ##.#.#
#...............##### .#.#.#####
#..?................# ...#.....#
#...................# .#######.#
###############.....# .#.....#.#
#########.........# .#.###.#.#
##.................# ##.#.....#
#..................#
#........#####..................#


You could see a bullfrog skeleton.

Vanquished Creatures
  An adder skeleton (D:2)
  2 worms (D:2)
  2 dart slugs (D:1)
  2 leopard geckos (D:1)
  3 giant cockroaches (D:1)
  5 goblins
  6 hobgoblins
  A jackal (D:1)
  2 kobolds
  5 bats
  2 frilled lizards
  5 rats
36 creatures vanquished.

Notes
Turn   | Place    | Note
-------+----------+-------------------------------------------
     0 | D:1      | Etesian the Vine Stalker Archaeologist began the quest for
                  | the Orb.
     0 | D:1      | Reached XP level 1. HP: 11/11 MP: 2/2
   137 | D:1      | Reached skill level 1 in Fighting
   177 | D:1      | Reached skill level 1 in Unarmed Combat
   184 | D:1      | Reached XP level 2. HP: 14/16 MP: 3/3
   700 | D:1      | Reached XP level 3. HP: 10/20 MP: 4/4
   891 | D:2      | Found a shadowy altar of Dithmenos.
  1202 | D:2      | HP: 1/21 [bullfrog skeleton (6)]
  1203 | D:2      | Slain by a bullfrog skeleton

Skill      XL: |  1  2 |
---------------+-------+-----
Fighting       | 1 |  1.9
Unarmed Combat | 1 2 |  2.7
Maces & Flails | |  0.8
Dodging        | |  3.2
Stealth        | |  4.4

Action                   || total
-------------------------++-------
Melee: Unarmed           ||   193
       Bite              ||    21
       Punch             ||     1
  Use: Scroll            ||     5
 Stab: Sleeping          ||     5
  Eat: Chunk             ||     5
Armor: Skin              ||    44
Dodge: Dodged            ||   144
